ORI
UNIVERSITY OF MINNESOTA GOLDEN GOPHERS @ UNIVERSITY OF SOUTHERN CALIFORNIA TROJANS
10/22/2049
 
TOP OF THE 1ST
University of Minnesota Golden Gophers batting - Pitching for University of Southern California Trojans : LHP Garett Fazio
Pitching: LHP Garett Fazio
Batting: LHB Bobby Agterberg 0-0: Ball
1-0: Ball
2-0: Ball
3-0: Called Strike
3-1: Base on Balls
Batting: RHB Jian-zhang Zhào 0-0: Foul Ball, location: 2F
0-1: Ball
1-1: Fielders Choice at 2nd, 1-6 (Groundball, 13S, EV 70.0 MPH)
Batting: RHB Tommy Molinaro 0-0: Called Strike
0-1: Ball
1-1: SINGLE (Line Drive, 9S, EV 93.8 MPH)
Jian-zhang Zhào to second
Runner from 2nd tries for 3rd, SAFE, no throw by RF
Batting: RHB Jason Mooris 0-0: Ball
1-0: Ball
2-0: Swinging Strike
2-1: Foul Ball, location: 2F
2-2: SINGLE (Groundball, 6MD, EV 98.1 MPH)
Jian-zhang Zhào scores
Tommy Molinaro to second
Batting: RHB Jose Garrido 0-0: Ball
1-0: Called Strike
1-1: Ball
2-1: Called Strike
2-2: Strikes out swinging
Batting: RHB Ron Gooch 0-0: Ball
1-0: SINGLE (Line Drive, 5L, EV 98.1 MPH)
Tommy Molinaro to third
Jason Mooris to second
Batting: LHB Ivan Villegas 0-0: Ball
1-0: Ball
2-0: Foul Ball, location: 2F
2-1: Swinging Strike
2-2: Foul Ball, location: 2F
2-2: Strikes out swinging
Top of the 1st over - 1 run, 3 hits, 0 errors, 3 left on base; University of Minnesota 1 - University of Southern California 0
BOTTOM OF THE 1ST
University of Southern California Trojans batting - Pitching for University of Minnesota Golden Gophers : RHP Mike Binns
Pitching: RHP Mike Binns
Batting: LHB Alonzo Catalan 0-0: Called Strike
0-1: Ball
1-1: Foul Ball, location: 2F
1-2: Strikes out swinging
Batting: RHB Liangde Zhou 0-0: Ball
1-0: Foul Ball, location: 2F
1-1: Called Strike
1-2: SOLO HOME RUN (Flyball, 7D, EV 104.4 MPH), Distance : 413 ft
Batting: RHB Eric Baker 0-0: Called Strike
0-1: DOUBLE (Groundball, 5L, EV 102.5 MPH)
Batting: LHB John Rumbolt 0-0: Called Strike
0-1: Ball
1-1: Ball
2-1: Foul Ball, location: 2F
2-2: Reached on error, E8 (Flyball, 8RD, EV 97.5 MPH)
Eric Baker scores
Batting: RHB John Sandberg 0-0: Called Strike
0-1: Ball
1-1: Ball
2-1: Ball
3-1: Foul Ball, location: 2F
3-2: Ground out 4-3 (Groundball, 4, EV 103.8 MPH)
John Rumbolt to third
Batting: LHB Justin Veirs 0-0: Ball
1-0: Foul Ball, location: 2F
1-1: Foul Ball, location: 2F
1-2: Foul Ball, location: 2F
1-2: Ball
2-2: Foul Ball, location: 2F
2-2: Foul Ball, location: 2F
2-2: SINGLE (Groundball, 6D, EV 100.6 MPH)
John Rumbolt scores
Batting: LHB Eric Rosenstein 0-0: Ball
Justin Veirs steals 2nd base
1-0: Ball
2-0: Ball
3-0: Called Strike
3-1: SINGLE (Groundball, 4MD, EV 98.8 MPH)
Justin Veirs to third
Runner from 3rd tries for Home, SAFE, throw by CF to home
Batting: LHB Brad Betterton 0-0: Called Strike
0-1: Foul Ball, location: 2F
0-2: Strikes out swinging, 2-3 out at first.
Bottom of the 1st over - 4 runs, 4 hits, 1 error, 1 left on base; University of Minnesota 1 - University of Southern California 4
TOP OF THE 2ND
University of Minnesota Golden Gophers batting - Pitching for University of Southern California Trojans : LHP Garett Fazio
Batting: RHB Scott Rose 0-0: Ball
1-0: Ground out 6-3 (Groundball, 6S, EV 91.9 MPH)
Batting: RHB Roy Evenden 0-0: Called Strike
0-1: Ball
1-1: Swinging Strike
1-2: Strikes out swinging
Batting: LHB Bobby Agterberg 0-0: Ball
1-0: Ball
2-0: Ball
3-0: Called Strike
3-1: Foul Ball, location: 2F
3-2: Strikes out swinging
Top of the 2nd over - 0 runs, 0 hits, 0 errors, 0 left on base; University of Minnesota 1 - University of Southern California 4
BOTTOM OF THE 2ND
University of Southern California Trojans batting - Pitching for University of Minnesota Golden Gophers : RHP Mike Binns
Batting: RHB Jochen Schanz 0-0: Called Strike
0-1: Called Strike
0-2: Fly out, F9 (Flyball, 9, EV 91.9 MPH)
Batting: LHB Alonzo Catalan 0-0: Ball
1-0: Ball
2-0: Ball
3-0: Base on Balls
Batting: RHB Liangde Zhou Pickoff Play to 1st, Runner tries for 2nd, OUT after rundown.
0-0: Ball
1-0: Ball
2-0: Ball
3-0: Base on Balls
Batting: RHB Eric Baker 0-0: Ball
1-0: Called Strike
Liangde Zhou steals 2nd base
1-1: Ball
2-1: Foul Ball, location: 2F
2-2: Strikes out swinging
Bottom of the 2nd over - 0 runs, 0 hits, 0 errors, 1 left on base; University of Minnesota 1 - University of Southern California 4
TOP OF THE 3RD
University of Minnesota Golden Gophers batting - Pitching for University of Southern California Trojans : LHP Garett Fazio
Batting: RHB Jian-zhang Zhào 0-0: Called Strike
0-1: Reached on error, E3 (Groundball, 3L, EV 84.4 MPH)
Batting: RHB Tommy Molinaro 0-0: Ball
1-0: Fly out, F8 (Flyball, 8RM, EV 93.1 MPH)
Batting: RHB Jason Mooris 0-0: Foul Ball, location: 2F
0-1: Grounds out, U3 (Groundball, 3L, EV 105.0 MPH)
Batting: RHB Jose Garrido 0-0: Ball
1-0: Ball
2-0: SINGLE (Line Drive, 56, EV 99.4 MPH)
Jian-zhang Zhào to third
Runner from 3rd tries for Home, throw by LF and OUT! 7-2
Top of the 3rd over - 0 runs, 1 hit, 1 error, 1 left on base; University of Minnesota 1 - University of Southern California 4
BOTTOM OF THE 3RD
University of Southern California Trojans batting - Pitching for University of Minnesota Golden Gophers : RHP Mike Binns
Batting: LHB John Rumbolt 0-0: Ball
1-0: Ball
2-0: Fly out, F8 (Flyball, 78M, EV 93.8 MPH)
Batting: RHB John Sandberg 0-0: Fly out, F8 (Line Drive, 8LM, EV 93.1 MPH)
Batting: LHB Justin Veirs 0-0: Ball
1-0: Ball
2-0: SINGLE (Line Drive, 6MD, EV 100.0 MPH)
Batting: LHB Eric Rosenstein 0-0: Called Strike
0-1: DOUBLE (Line Drive, 89D, EV 101.2 MPH)
Justin Veirs to third
Batting: LHB Brad Betterton 0-0: Called Strike
0-1: Ball
1-1: Called Strike
1-2: Ball
2-2: Strikes out swinging
Bottom of the 3rd over - 0 runs, 2 hits, 0 errors, 2 left on base; University of Minnesota 1 - University of Southern California 4
TOP OF THE 4TH
University of Minnesota Golden Gophers batting - Pitching for University of Southern California Trojans : LHP Garett Fazio
Batting: RHB Ron Gooch 0-0: Ball
1-0: Ball
2-0: Swinging Strike
2-1: Foul Ball, location: 2F
2-2: Strikes out looking
Batting: LHB Ivan Villegas 0-0: Foul Ball, location: 2F
0-1: Ball
1-1: Ground out 4-3 (Groundball, 4S, EV 88.1 MPH)
Batting: RHB Scott Rose 0-0: Called Strike
0-1: Ball
1-1: Swinging Strike
1-2: Strikes out swinging
Top of the 4th over - 0 runs, 0 hits, 0 errors, 0 left on base; University of Minnesota 1 - University of Southern California 4
BOTTOM OF THE 4TH
University of Southern California Trojans batting - Pitching for University of Minnesota Golden Gophers : RHP Mike Binns
Batting: RHB Jochen Schanz 0-0: Ball
1-0: Called Strike
1-1: Foul Ball, location: 2F
1-2: Strikes out swinging
Batting: LHB Alonzo Catalan 0-0: Ball
1-0: Ground out 5-3 (Groundball, 56, EV 84.4 MPH)
Batting: RHB Liangde Zhou 0-0: Fly out, F8 (Line Drive, 89M, EV 94.4 MPH)
Bottom of the 4th over - 0 runs, 0 hits, 0 errors, 0 left on base; University of Minnesota 1 - University of Southern California 4
TOP OF THE 5TH
University of Minnesota Golden Gophers batting - Pitching for University of Southern California Trojans : LHP Garett Fazio
Batting: RHB Roy Evenden 0-0: Ball
1-0: Called Strike
1-1: Foul Ball, location: 2F
1-2: Ball
2-2: Strikes out swinging
Batting: LHB Bobby Agterberg 0-0: Ball
1-0: Called Strike
1-1: Foul Ball, location: 2F
1-2: Ground out 5-3 (Groundball, 56S, EV 75.0 MPH)
Batting: RHB Jian-zhang Zhào 0-0: Ball
1-0: SINGLE (Groundball, 4MD, EV 105.6 MPH)
Pitching: RHP Gabe Hires
Batting: RHB Tommy Molinaro 0-0: Ground out 5-3 (Groundball, 5S, EV 71.9 MPH)
Top of the 5th over - 0 runs, 1 hit, 0 errors, 1 left on base; University of Minnesota 1 - University of Southern California 4
BOTTOM OF THE 5TH
University of Southern California Trojans batting - Pitching for University of Minnesota Golden Gophers : RHP Mike Binns
Batting: RHB Eric Baker 0-0: Foul Ball, location: 2F
0-1: Ball
1-1: Fly out, F7 (Flyball, 7, EV 88.8 MPH)
Batting: LHB John Rumbolt 0-0: Ball
1-0: Called Strike
1-1: Ball
2-1: SINGLE (Line Drive, 4MD, EV 96.2 MPH)
Batting: RHB John Sandberg 0-0: Ball
1-0: Foul Ball, location: 2F
1-1: Ball
2-1: Ball
3-1: Called Strike
3-2: Foul Ball, location: 2F
3-2: Ground out U3 (Groundball, 3S, EV 67.5 MPH)
John Rumbolt to second
Batting: LHB Justin Veirs 0-0: Ball
1-0: Ball
Wild Pitch!
John Rumbolt to third
2-0: Foul Ball, location: 2F
2-1: Swinging Strike
2-2: Foul Ball, location: 2F
2-2: Foul Ball, location: 2F
2-2: Foul Ball, location: 2F
2-2: SINGLE (Groundball, 4MD, EV 106.2 MPH)
John Rumbolt scores
Pitching: RHP John Roebuck
Batting: LHB Eric Rosenstein 0-0: Ball
1-0: Ball
2-0: Ball
3-0: Base on Balls
Justin Veirs to second
Batting: LHB Brad Betterton 0-0: Foul Ball, location: 2F
0-1: Ball
1-1: Ball
2-1: Ball
3-1: Foul Ball, location: 2F
3-2: Strikes out swinging
Bottom of the 5th over - 1 run, 2 hits, 0 errors, 2 left on base; University of Minnesota 1 - University of Southern California 5
TOP OF THE 6TH
University of Minnesota Golden Gophers batting - Pitching for University of Southern California Trojans : RHP Gabe Hires
Batting: RHB Jason Mooris 0-0: Ball
1-0: Foul Ball, location: 2F
1-1: Swinging Strike
1-2: Ball
2-2: Ground out 6-3 (Groundball, 6, EV 83.8 MPH)
Batting: RHB Jose Garrido 0-0: Ball
1-0: Foul Ball, location: 2F
1-1: Ball
2-1: Ball
3-1: Foul Ball, location: 2F
3-2: Base on Balls
Batting: RHB Ron Gooch 0-0: Called Strike
0-1: Swinging Strike
0-2: Foul Ball, location: 2F
0-2: Ball
1-2: Ball
2-2: Fielders Choice at 2nd, 4-6 (Groundball, 4, EV 105.6 MPH)
Batting: LHB Ivan Villegas 0-0: Ball
1-0: Ground out 4-3 (Groundball, 4, EV 82.5 MPH)
Top of the 6th over - 0 runs, 0 hits, 0 errors, 1 left on base; University of Minnesota 1 - University of Southern California 5
BOTTOM OF THE 6TH
University of Southern California Trojans batting - Pitching for University of Minnesota Golden Gophers : RHP John Roebuck
Batting: RHB Jochen Schanz 0-0: Ball
1-0: Foul Ball, location: 2F
1-1: Foul Ball, location: 2F
1-2: Ball
2-2: Fly out, F9 (Flyball, 9D, EV 91.2 MPH)
Batting: LHB Alonzo Catalan 0-0: Ball
1-0: Ball
2-0: Ball
3-0: Called Strike
3-1: Base on Balls
Batting: RHB Liangde Zhou 0-0: Ball
1-0: Ball
2-0: Foul Ball, location: 2F
2-1: Ball
3-1: Grounds into double play, 6-4-3 (Groundball, 6, EV 81.9 MPH)
Bottom of the 6th over - 0 runs, 0 hits, 0 errors, 0 left on base; University of Minnesota 1 - University of Southern California 5
TOP OF THE 7TH
University of Minnesota Golden Gophers batting - Pitching for University of Southern California Trojans : RHP Gabe Hires
Batting: RHB Scott Rose 0-0: Called Strike
0-1: Swinging Strike
0-2: Ball
1-2: Strikes out looking
Batting: RHB Roy Evenden 0-0: Called Strike
0-1: Ball
1-1: Ball
2-1: Foul Ball, location: 2F
2-2: Strikes out looking
Batting: LHB Bobby Agterberg 0-0: Ball
1-0: Ball
2-0: Called Strike
2-1: Ball
3-1: Base on Balls
Pitching: RHP Paul Conrad
Batting: RHB Jian-zhang Zhào 0-0: Called Strike
0-1: SINGLE (Groundball, 6MD, EV 98.8 MPH)
Bobby Agterberg to second
Runner from 2nd tries for 3rd, OUT! 8-5
Top of the 7th over - 0 runs, 1 hit, 0 errors, 1 left on base; University of Minnesota 1 - University of Southern California 5
BOTTOM OF THE 7TH
University of Southern California Trojans batting - Pitching for University of Minnesota Golden Gophers : RHP John Roebuck
Batting: RHB Eric Baker 0-0: Ball
1-0: Foul Ball, location: 2F
1-1: Called Strike
1-2: Ball
2-2: Ball
3-2: SINGLE (Line Drive, 7LS, EV 103.8 MPH)
Batting: LHB John Rumbolt 0-0: Called Strike
0-1: Fly out, F7 (Flyball, 7LSF, EV 77.5 MPH)
Batting: RHB John Sandberg 0-0: Foul Ball, location: 2F
0-1: Swinging Strike
0-2: Strikes out looking
Batting: LHB Justin Veirs 0-0: Fly out, F7 (Flyball, 7D, EV 103.1 MPH)
Bottom of the 7th over - 0 runs, 1 hit, 0 errors, 1 left on base; University of Minnesota 1 - University of Southern California 5
TOP OF THE 8TH
University of Minnesota Golden Gophers batting - Pitching for University of Southern California Trojans : RHP Paul Conrad
Batting: RHB Tommy Molinaro 0-0: Ball
1-0: Called Strike
1-1: Called Strike
1-2: SOLO HOME RUN (Flyball, 78XD, EV 113.8 MPH), Distance : 449 ft
Batting: RHB Jason Mooris 0-0: Ball
1-0: Swinging Strike
1-1: Called Strike
1-2: Strikes out swinging
Batting: RHB Jose Garrido 0-0: Ball
1-0: Called Strike
1-1: Reached on error, E6 (Groundball, 6, EV 93.8 MPH)
Batting: RHB Ron Gooch 0-0: Called Strike
0-1: Called Strike
0-2: Foul Ball, location: 2F
0-2: Reached on error, E4 (Groundball, 4, EV 81.2 MPH)
Jose Garrido to third
Batting: LHB Ivan Villegas 0-0: Called Strike
0-1: Ball
1-1: TRIPLE (Line Drive, 8RXD, EV 106.9 MPH)
Jose Garrido scores
Ron Gooch scores
Pinch Hitting: LHB Jose Moncada 0-0: Ground out U3 (Groundball, 34, EV 86.9 MPH)
Batting: RHB Roy Evenden 0-0: Foul Ball, location: 2F
0-1: Swinging Strike
0-2: Ball
1-2: Strikes out swinging
Top of the 8th over - 3 runs, 2 hits, 2 errors, 1 left on base; University of Minnesota 4 - University of Southern California 5
BOTTOM OF THE 8TH
University of Southern California Trojans batting - Pitching for University of Minnesota Golden Gophers : RHP John Roebuck
Now at 1B: Jose Moncada
Batting: LHB Eric Rosenstein 0-0: Called Strike
0-1: Ball
1-1: Ball
2-1: Foul Ball, location: 2F
2-2: SINGLE (Groundball, 4D, EV 101.9 MPH)
Pitching: LHP Matt Wooldridge
Batting: LHB Brad Betterton 0-0: Sac Bunt to 2R - play at first, batter OUT! 2-4
Eric Rosenstein to second
Batting: RHB Jochen Schanz 0-0: Ball
1-0: Foul Ball, location: 2F
1-1: Called Strike
1-2: DOUBLE (Flyball, 89D, EV 104.4 MPH)
Eric Rosenstein scores
Batting: LHB Alonzo Catalan 0-0: Called Strike
0-1: Ground out 6-3 (Groundball, 6M, EV 85.6 MPH)
Jochen Schanz to third
Batting: RHB Liangde Zhou 0-0: Ground out 6-3 (Groundball, 6, EV 103.8 MPH)
Bottom of the 8th over - 1 run, 2 hits, 0 errors, 1 left on base; University of Minnesota 4 - University of Southern California 6
TOP OF THE 9TH
University of Minnesota Golden Gophers batting - Pitching for University of Southern California Trojans : RHP Paul Conrad
Pitching: LHP Cal Blashill
Now at 2B: Jochen Schanz
Now at SS: Jeremy McAbee
Batting: LHB Bobby Agterberg 0-0: Fly out, F8 (Line Drive, 89M, EV 100.6 MPH)
Pitching: RHP Luis Cortez
Pinch Hitting: LHB Hidehiro Kanno 0-0: Called Strike
0-1: Called Strike
0-2: Ball
1-2: Foul Ball, location: 2F
1-2: Ball
2-2: Strikes out swinging
Batting: RHB Tommy Molinaro 0-0: Foul Ball, location: 2F
0-1: Ball
1-1: Ball
2-1: DOUBLE (Flyball, 8RXD, EV 88.8 MPH)
Batting: RHB Jason Mooris 0-0: Ball
1-0: Foul Ball, location: 2F
1-1: Foul Ball, location: 2F
1-2: Strikes out swinging
Top of the 9th over - 0 runs, 1 hit, 0 errors, 1 left on base; University of Minnesota 4 - University of Southern California 6
Sunday, July 16th , 2023 - OOTP Baseball 24.6 Build 69